Map: Blackpink LE

Players

SpeCial

  • Race: Terran Terran
  • Spawn Location: 1:00

Dear - Winner!

  • Race: Protoss Protoss
  • Spawn Location: 7:00

Event: IEM Season 12 - Katowice

VOD

Have the link to the VOD?

Description

Time

  • Played on: March 1, 2018, 4:43 a.m.
  • Length: 8:52

All games in this series

Show
View Real Time Build Order
Export as new Build Order

SpeCial Terran 

Build Orders: Gas First Reaper Expand, Reaper Expand, MMM Bio 

Get SALT Encoding   

  12  0:00  SCV  
  13  0:12  SCV  
  14  0:18  Supply Depot  
  14  0:24  SCV  
  14  0:27  Refinery  
  15  0:39  SCV  
  16  0:45  Barracks  
  16  0:52  SCV  
  17  1:04  SCV  
  18  1:16  SCV  
  19  1:32  Reaper  
  21  1:33  Orbital Command  
  20  1:43  Command Center  
  20  1:54  Factory  
  20  1:59  SCV  
  21  2:07  Barracks Reactor  
  21  2:11  SCV  
  22  2:16  Supply Depot, Refinery  
  22  2:23  SCV  
  23  2:37  SCV  
  23  2:43  Starport  
  24  2:48  Hellion x2  
  24  2:50  SCV  
  29  2:55  Orbital Command  
  29  3:02  SCV  
  30  3:11  Hellion x2  
  34  3:14  SCV  
  34  3:16  Barracks Tech Lab  
  35  3:20  Medivac  
  35  3:22  SCV  
  35  3:26  SCV  
  39  3:34  SCV  
  40  3:35  Widow Mine x2  
  40  3:40  Supply Depot  
  43  3:43  SCV  
  43  3:46  SCV, Marine  
  43  3:48  Stimpack  
  46  4:01  SCV x2  
  48  4:08  Widow Mine  
  48  4:09  Widow Mine  
  50  4:10  Marine  
  50  4:14  Bunker  
  50  4:15  SCV x2  
  51  4:26  Command Center  
  51  4:27  SCV x2  
  51  4:30  Marine  
  54  4:34  Supply Depot  
  54  4:43  Barracks  
  54  4:44  SCV  
  53  4:46  SCV  
  53  4:51  Barracks  
  54  4:55  Factory Reactor  
  54  4:56  Marine  
  54  4:58  SCV x2  
  53  5:00  Supply Depot  
  53  5:10  SCV x2  
  53  5:12  Engineering Bay  
  53  5:14  Marine  
  56  5:22  SCV x2  
  56  5:24  Starport Reactor  
  56  5:26  Refinery  
  56  5:28  Refinery  
  58  5:30  Marine x2  
  58  5:31  Marine  
  58  5:34  SCV x2  
  63  5:39  Orbital Command  
  63  5:40  Factory Reactor  
  63  5:42  Missile Turret, Medivac x2  
  67  5:44  Terran Infantry Weapons Level 1  
  67  5:46  SCV x2  
  67  5:47  Barracks Tech Lab  
  67  5:49  Marine x3  
  72  5:50  Combat Shields  
  72  5:54  Supply Depot  
  72  6:06  Marauder  
  72  6:07  Marine x2  
  72  6:08  Orbital Command, Marauder  
  78  6:14  Medivac x2  
  78  6:17  Widow Mine x2  
  86  6:18  SCV x2  
  86  6:19  Barracks  
  88  6:26  Supply Depot  
  88  6:29  Supply Depot  
  88  6:31  Marine x2  
  88  6:32  Marauder  
  92  6:35  Barracks  
  92  6:37  SCV  
  93  6:48  SCV x2, Marauder  
  93  6:50  SCV  
  93  6:51  Supply Depot  
  93  6:52  Missile Turret  
  93  6:53  Widow Mine x2, Medivac x2  
  106  6:54  Marine  
  106  7:00  SCV x2  
  108  7:07  SCV  
  99  7:09  Marine  
  99  7:10  Marauder  
  99  7:12  Marine  
  99  7:14  Widow Mine x2, SCV x2  
  103  7:19  Supply Depot, SCV  
  103  7:20  Barracks Tech Lab  
  103  7:21  Supply Depot  
  104  7:23  Medivac x2  
  104  7:29  Marine  
  108  7:30  Marine, Marauder  
  108  7:32  Marauder  
  108  7:34  SCV x3  
  117  7:39  Supply Depot, Armory  
  117  7:40  Engineering Bay  
  115  7:44  Liberator  
  115  7:48  SCV x2  
  115  7:49  Supply Depot, Factory Reactor, Liberator  
  115  7:53  Missile Turret, Marine, Marauder  
  115  7:54  Bunker  
  115  7:56  SCV  
  115  7:57  Marine x2, Marauder  
  115  7:58  Marauder  
  125  8:03  SCV x2  
  128  8:08  SCV  
  128  8:12  Marine  
  133  8:15  Marauder  
  133  8:19  Marine x3, Marauder x2  
  118  8:32  Marine  
  105  8:34  SCV x2  
  105  8:35  SCV  
Show
View Real Time Build Order
Export as new Build Order

Dear Protoss - Winner!

Build Orders: 1 Gate Expand, Oracle Opening, Phoenix Opening 

Get SALT Encoding   

  12  0:00  Probe  
  13  0:12  Probe  
  14  0:17  Pylon  
  14  0:24  Probe (Chrono Boost)  
  15  0:36  Probe (Chrono Boost)  
  15  0:38  Gateway  
  16  0:45  Probe (Chrono Boost), Assimilator  
  17  0:51  Probe  
  18  1:03  Probe  
  19  1:15  Probe  
  20  1:22  Nexus  
  20  1:30  Cybernetics Core  
  20  1:34  Probe  
  20  1:38  Assimilator  
  21  1:46  Probe  
  22  1:48  Pylon  
  22  1:58  Probe  
  23  2:04  Stalker (Chrono Boost)  
  25  2:10  Probe  
  25  2:15  Stargate  
  26  2:22  Probe  
  27  2:24  Warp Gate  
  27  2:34  Probe x2 (Chrono Boost)  
  27  2:35  Stalker  
  31  2:43  Probe (Chrono Boost)  
  31  2:44  Probe (Chrono Boost)  
  33  2:48  Probe x2 (Chrono Boost)  
  35  2:58  Oracle (Chrono Boost)  
  35  3:00  Probe x2  
  35  3:04  Pylon  
  40  3:12  Probe  
  41  3:13  Probe  
  41  3:16  Gateway  
  41  3:18  Gateway  
  42  3:24  Probe  
  42  3:25  Probe  
  44  3:27  Oracle (Chrono Boost)  
  47  3:34  Pylon  
  47  3:36  Probe  
  47  3:37  Probe  
  47  3:40  Zealot  
  51  3:54  Nexus  
  51  3:59  Phoenix (Chrono Boost)  
  53  4:06  Probe  
  53  4:07  Probe  
  52  4:18  Probe  
  52  4:19  Probe  
  52  4:20  Assimilator  
  52  4:22  Assimilator  
  54  4:30  Probe  
  55  4:32  Probe  
  55  4:38  Forge  
  56  4:41  Twilight Council  
  56  4:43  Probe  
  56  4:44  Probe  
  58  4:46  Pylon  
  58  4:55  Probe (Chrono Boost)  
  58  4:57  Probe (Chrono Boost)  
  58  4:59  Protoss Ground Weapons Level 1 (Chrono Boost)  
  60  5:05  Blink (Chrono Boost)  
  60  5:06  Probe (Chrono Boost)  
  62  5:09  Probe (Chrono Boost)  
  62  5:13  Probe (Chrono Boost)  
  63  5:15  Probe (Chrono Boost), Sentry  
  63  5:16  Probe (Chrono Boost), Sentry  
  63  5:20  Probe x2 (Chrono Boost)  
  70  5:22  Gateway  
  70  5:23  Probe, Gateway  
  70  5:26  Gateway  
  72  5:31  Probe  
  72  5:32  Probe  
  72  5:34  Sentry  
  72  5:35  Probe  
  77  5:39  Pylon, Robotics Facility  
  77  5:41  Pylon  
  77  5:43  Probe  
  77  5:44  Probe  
  79  5:51  Gateway  
  79  5:53  Gateway  
  79  5:55  Photon Cannon  
  79  5:58  Probe x3  
  82  6:08  Stalker x3  
  88  6:11  Pylon  
  88  6:13  Probe  
  88  6:14  Probe x2, Assimilator  
  88  6:17  Pylon  
  91  6:25  Assimilator  
  91  6:26  Probe x3  
  94  6:34  Observer  
  94  6:38  Pylon, Photon Cannon  
  95  6:43  Stalker x6  
  107  6:47  Protoss Ground Armor Level 1  
  107  6:52  Pylon  
  107  6:55  Zealot  
  107  6:56  Charge (Chrono Boost)  
  107  6:58  Pylon, Zealot  
  111  7:06  Warp Prism (Chrono Boost)  
  111  7:07  Probe  
  111  7:08  Probe x2  
  106  7:17  Templar Archives  
  106  7:20  Probe x2  
  108  7:25  Probe  
  109  7:32  Probe x2  
  109  7:33  Stalker x3  
  109  7:34  Zealot x3  
  109  7:36  Zealot  
  125  7:37  Observer  
  125  7:39  Zealot  
  128  7:49  Pylon  
  128  8:01  High Templar x2  
  128  8:02  High Templar x4  
  128  8:03  Zealot x2  
  141  8:05  Pylon, Archon  
  141  8:06  Archon  
  141  8:07  Pylon, Archon  
  141  8:09  Probe x3  
  132  8:25  Stalker  
  128  8:30  Zealot  
  120  8:36  Zealot x5  
  120  8:37  Zealot  

Tags
 
Add a new tag
Caveats
  • Supply blocks, unpowered buildings, or Contaminate may cause inaccurate times.
  • Supply counts are checked every 10 seconds.